 Dungeon Crawl Stone Soup version 0.19.1 (webtiles) character file.

193 ChaseSP the Chopper (level 6, -10/47 HPs)
             Began as a Formicid Fighter on Nov 25, 2016.
             Mangled by an ogre
             ... wielding a +0 giant spiked club
              (14 damage)
             ... on level 4 of the Dungeon.
             The game lasted 00:05:39 (3054 turns).

ChaseSP the Chopper (Formicid Fighter)              Turns: 3054, Time: 00:05:39

Health: -10/47     AC:  6    Str: 21    XL:     6   Next: 3%
Magic:  6/6        EV:  7    Int:  9    God:
Gold:   145        SH:  9    Dex: 10    Spells: 1 memorised, 3 levels left

rFire  . . .     SeeInvis +     a - +0 war axe
rCold  . . .     Gourm    .     b - +0 scale mail
rNeg   . . .     Faith    .     c - +0 shield
rPois  .         Spirit   .     (helmet unavailable)
rElec  .         Reflect  .     (no cloak)
rCorr  .         Harm     .     (no gloves)
MR     .....                    (no boots)
Stlth  ..........               (no amulet)
                                (no ring)
                                (no ring)

@: no status effects
A: permanent stasis, dig shafts and tunnels, four strong arms, antennae 3
a: Dig, Shaft Self


You were on level 4 of the Dungeon.
You were not hungry.

You visited 1 branch of the dungeon, and saw 4 of its levels.

You collected 145 gold pieces.

Inventory:

Hand Weapons
 a - a +0 war axe (weapon)
 A - a +0 flail
Missiles
 u - 24 bolts
Armour
 b - a +0 scale mail (worn)
 c - a +0 shield (worn)
Jewellery
 e - an uncursed ring of resist corrosion {unknown}
Wands
 y - a wand of slowing (15/48)
Scrolls
 l - a scroll of recharging {unknown}
 m - a scroll of identify {unknown}
 n - a scroll of noise {unknown}
 t - a scroll of fog {unknown}
 w - a scroll of blinking {unknown}
Potions
 d - 3 potions of might
 h - 2 potions of cancellation {unknown}
 i - a potion of degeneration {unknown}
 j - 6 potions of curing {unknown}
 o - a potion of flight {unknown}
 p - a potion of cure mutation {unknown}
 r - a potion of berserk rage {unknown}
 v - a potion of agility {unknown}
 z - a potion of brilliance {unknown}
Books
 s - a book of Minor Magic

   Spells                             Type                      Level
   a - Magic Dart                     Conjuration                  1
   b - Blink                          Translocation                2
   c - Call Imp                       Summoning                    2
   d - Repel Missiles                 Charms/Air                   2
   e - Slow                           Hexes                        2
   f - Conjure Flame                  Conjuration/Fire             3
   g - Mephitic Cloud                 Conjuration/Poison/Air       3
Comestibles
 f - 5 bread rations
 g - 3 slices of pizza
 k - a beef jerky
 q - 4 fruits
 x - 2 meat rations


   Skills:
 - Level 3.2 Fighting
 * Level 5.7 Axes
 - Level 3.2 Armour
 - Level 3.6 Shields


You had 3 spell levels left.
You knew the following spells:

 Your Spells              Type           Power        Failure   Level  Hunger
a - Repel Missiles        Chrm/Air       #.....       100%        2    ###....


Dungeon Overview and Level Annotations

Branches:
Dungeon (4/15)
 Temple: D:4-7

Altars:


Innate Abilities, Weirdness & Mutations

You are under a permanent stasis effect.
You can dig through walls and to a lower floor.
Your four strong arms can wield two-handed weapons with a shield.
You have a pair of large antennae on your head. (SInv)


Message History

The ogre is lightly wounded.
The ogre hits you with a giant spiked club!!
Ouch! That really hurt!
* * * LOW HITPOINT WARNING * * *
You slash the ogre!
The ogre is moderately wounded.
The ogre hits you with a giant spiked club!
* * * LOW HITPOINT WARNING * * *
You are too injured to fight recklessly!
You are too injured to fight recklessly!
You hit the ogre.
The ogre is heavily wounded.
The ogre barely misses you.
You hit the ogre.
The ogre is severely wounded.
The ogre closely misses you.
You closely miss the ogre.
The ogre is severely wounded.
The ogre hits you with a giant spiked club!
You die...

#####.# #.###.## #.# #.#
#.## #####.# #.###...
...... #.##.#.. #####.
#....... #.###.#. #.# #...
#################.#####.
.....%O@.?.........# #.
.###############..#####.
#.## #... #.# #.## #.# #.#
####### #.# #.## ##########
#.....#####.# #...
.........######.###.....>.#
#### ########........#
#.#######


You could see an ogre.

Vanquished Creatures
  A scorpion (D:4)
  4 gnolls
  2 adders (D:2)
  A worm (D:3)
  2 dart slugs
  4 leopard geckos
  An orc (D:4)
  7 giant cockroaches
  7 goblins
  15 hobgoblins
  4 jackals (D:1)
  A quokka (D:4)
  A ball python (D:2)
  7 bats
  4 frilled lizards
  6 kobolds
  6 rats
73 creatures vanquished.

Notes
Turn   | Place    | Note
-------+----------+-------------------------------------------
     0 | D:1      | ChaseSP the Formicid Fighter began the quest for the Orb.
     0 | D:1      | Reached XP level 1. HP: 18/18 MP: 1/1
    76 | D:1      | Reached skill level 3 in Axes
    76 | D:1      | Reached XP level 2. HP: 14/24 MP: 2/2
   276 | D:1      | Reached XP level 3. HP: 24/29 MP: 3/3
   875 | D:2      | Reached XP level 4. HP: 35/35 MP: 4/4
   883 | D:2      | Reached skill level 4 in Axes
  1721 | D:2      | Reached XP level 5. HP: 41/41 MP: 5/5
  1866 | D:3      | Learned a level 2 spell: Repel Missiles
  2373 | D:4      | Reached skill level 5 in Axes
  2666 | D:4      | Reached XP level 6. HP: 6/47 MP: 6/6
  3046 | D:4      | Noticed an ogre
  3054 | D:4      | Mangled by an ogre

Skill      XL: |  1  2  3  4  5 |
---------------+----------------+-----
Axes           | 3 4 5 |  5.7
Fighting       | |  3.2
Armour         | |  3.2
Shields        | |  3.6

Action                   |  1- 3 |  4- 6 || total
-------------------------+-------+-------++-------
Melee: War axe           |    70 |   158 ||   228
  Eat: Chunk             |       |     7 ||     7
Armor: Scale mail        |    28 |    56 ||    84
Dodge: Dodged            |    20 |    34 ||    54
Block: Shield            |    40 |    74 ||   114
